 Dungeon Crawl Stone Soup version 0.23.2-1-ga50397a (webtiles) character file.

Game seed: 4313514143298375552

2632 Fang the Skirmisher (level 9, -1/58 HPs)
             Began as a Gargoyle Berserker on Apr 24, 2019.
             Was an Elder of Trog.
             Slain by a gnoll
             ... wielding a +0 flail
              (5 damage)
             ... on level 7 of the Dungeon.
             The game lasted 00:09:19 (8292 turns).

Fang the Skirmisher (Gargoyle Berserker)            Turns: 8292, Time: 00:09:20

Health: -1/58      AC: 11    Str: 25    XL:     9   Next: 61%
Magic:  9/9        EV: 14    Int:  7    God:    Trog [****..]
Gold:   257        SH:  3    Dex:  9    Spells: 8/8 levels left

rFire    . . .     SeeInvis .   a - +0 hand axe
rCold    . . .     Gourm    .   (no shield)
rNeg     + . .     Faith    .   b - +0 animal skin
rPois    ∞         Spirit   .   (no helmet)
rElec    +         Reflect  +   (no cloak)
rCorr    +         Harm     .   (no gloves)
MR       ++...                  f - +1 pair of boots
Stlth    +.........             n - +3 amulet of reflection
HPRegen  1.19/turn              h - ring of resist corrosion
MPRegen  0.11/turn              (no ring)

@: berserk cooldown, regenerating, slowed, very slow
A: negative energy resistance 1, electricity resistance, unbreathing,
petrification resistance, rot immunity, AC +6
a: Berserk, Trog's Hand, Brothers in Arms, Renounce Religion


You were on level 7 of the Dungeon.
You worshipped Trog.
Trog was greatly pleased with you.
You were very hungry.

You visited 1 branch of the dungeon, and saw 7 of its levels.
You also visited: Ossuary.

You collected 257 gold pieces.

Inventory:

Hand Weapons
 a - a +0 hand axe (weapon)
Armour
 b - a +0 animal skin (worn)
 f - a +1 pair of boots (worn)
Jewellery
 d - an uncursed amulet of guardian spirit
 h - a ring of resist corrosion (left hand)
 n - a +3 amulet of reflection (around neck)
Wands
 y - a wand of iceblast (12)
Scrolls
 e - 5 scrolls of teleportation {unknown}
 i - a scroll of noise {unknown}
 k - 6 scrolls of identify {unknown}
 m - a scroll of fear {unknown}
 q - 2 scrolls of immolation {unknown}
 s - a scroll of magic mapping {unknown}
 v - 6 scrolls of remove curse {unknown}
 C - a scroll of amnesia {unknown}
Potions
 g - a potion of invisibility {unknown}
 j - 4 potions of flight {unknown}
 l - 7 potions of heal wounds {unknown}
 o - 2 potions of ambrosia {unknown}
 p - 2 potions of lignification {unknown}
 r - a potion of might {unknown}
 t - a potion of berserk rage {unknown}
 u - 2 potions of mutation {unknown}
 w - a potion of brilliance {unknown}
 x - a potion of resistance {unknown}
 z - 2 potions of agility {unknown}
 B - a potion of cancellation {unknown}
Comestibles
 c - 5 rations


   Skills:
 + Level 7.7 Fighting
 + Level 6.4 Axes
 + Level 7.3 Armour
 + Level 5.5 Dodging


You had 8 spell levels left.
You didn't know any spells.
Your spell library was empty.

Dungeon Overview and Level Annotations

Branches:
Dungeon (7/15)
 Temple: D:4-7

Altars:
Hepliaklqana


Innate Abilities, Weirdness & Mutations

You are resistant to torment.
Your stone body is resilient. (AC +6)
You are immune to poison.
You resist negative energy. (rN+)
You are resistant to electric shocks. (rElec)
You can survive without breathing.
You are immune to petrification.
You are immune to rotting.


Message History

The gnoll is severely wounded.
You hit the gnoll.
You kill the gnoll!
Trog accepts your kill. The gnoll hits you but does no damage.
The gnoll barely misses you. x2
Your skin crawls.
You feel resistant to hostile enchantments.
You feel somewhat more hungry. The gnoll closely misses you.
The gnoll hits you but does no damage.
The gnoll hits you from afar with a +0 halberd!
* * * LOW HITPOINT WARNING * * *
You hit the gnoll.
The gnoll is severely wounded.
The gnoll barely misses you.
The gnoll hits you from afar with a +0 halberd!
* * * LOW HITPOINT WARNING * * *
You hit the gnoll.
The gnoll is severely wounded.
The gnoll hits you with a +0 flail.
You die...

####################
......#(#(......#.#
#..#...#..#..#..# .
#.#.....#.#.#...####
...###....(..###........
......)).†...........)..
..##.#g@.#...#.#...#.)(#
#.g#..#..#...#..#.)#.
......#.#.#.....#.#.#..
####....#.#.......#.#...
#####################


You could see 2 gnolls.

Vanquished Creatures
  A two-headed ogre (D:4)
  A hungry ghost (D:7)
  2 ice beasts
  A sky beast (D:6)
  3 centaurs
  A big kobold (D:7)
  Blork the orc (D:6)
  2 scorpions
  4 killer bees (D:7)
  A howler monkey (D:5)
  2 centaur zombies
  A crimson imp (D:4)
  A human zombie (Ossuary)
  A bullfrog skeleton (D:4)
  2 bullfrog zombies
  3 hounds
  An orc priest (D:4)
  2 centaur skeletons
  2 iguanas
  2 orc wizards
  2 worker ants
  A big kobold zombie (Ossuary)
  3 mummies
  Robin (D:4)
  7 adders
  5 gnolls
  A howler monkey skeleton (D:4)
  2 river rats (D:4)
  2 worms
  2 dart slugs (D:1)
  4 leopard geckos
  9 orcs
  5 giant cockroaches
  21 goblins
  10 hobgoblins
  7 jackals
  12 kobolds
  3 quokkas
  7 bats
  4 frilled lizards
  3 goblin zombies (Ossuary)
  8 hobgoblin zombies
  2 jackal zombies
  7 kobold zombies (Ossuary)
  14 orc zombies
  A quokka skeleton (D:5)
  11 rats
  2 rat zombies (Ossuary)
190 creatures vanquished.

Notes
Turn   | Place    | Note
-------+----------+-------------------------------------------
     0 | D:1      | Fang the Gargoyle Berserker began the quest for the Orb.
     0 | D:1      | Reached XP level 1. HP: 14/14 MP: 1/1
   167 | D:1      | Reached XP level 2. HP: 18/19 MP: 2/2
   588 | D:1      | Reached XP level 3. HP: 22/23 MP: 3/3
   661 | D:1      | Reached ** piety under Trog
  1087 | D:2      | Reached XP level 4. HP: 19/29 MP: 4/4
  2322 | D:3      | Reached XP level 5. HP: 33/33 MP: 5/5
  2401 | D:4      | Noticed a phantom
  2994 | D:4      | HP: 1/33 [rat (1)]
  3861 | D:4      | HP: 1/34 [something/magic dart (3)]
  3872 | D:4      | Reached XP level 6. HP: 2/39 MP: 1/6
  4240 | D:4      | Noticed a two-headed ogre
  4250 | D:4      | Killed a two-headed ogre
  4250 | D:4      | Reached skill level 5 in Fighting
  4250 | D:4      | Reached skill level 5 in Armour
  4250 | D:4      | Reached XP level 7. HP: 45/45 MP: 5/7
  4250 | D:4      | Reached XP level 8. HP: 51/51 MP: 5/8
  4307 | D:4      | Found a hazy altar of Hepliaklqana.
  4469 | D:4      | Reached skill level 5 in Axes
  4527 | D:4      | Reached *** piety under Trog
  4606 | D:4      | Noticed Robin
  4616 | D:4      | Killed Robin
  4987 | D:5      | Entered Level 5 of the Dungeon
  5204 | D:5      | Found a sand-covered staircase.
  5238 | Ossuary  | Entered an ossuary
  5450 | Ossuary  | Reached **** piety under Trog
  5477 | Ossuary  | Received a gift from Trog
  6134 | D:5      | Reached XP level 9. HP: 52/56 MP: 9/9
  6402 | D:6      | HP: 3/84 [ice beast (8)]
  6665 | D:6      | Noticed Blork the orc
  6676 | D:6      | Killed Blork the orc
  6676 | D:6      | Reached skill level 5 in Dodging
  8072 | D:7      | Paralysed by fainting for 11 turns
  8268 | D:7      | Received a gift from Trog
  8291 | D:7      | HP: 2/58 [gnoll/+0 halberd (7)]
  8292 | D:7      | Slain by a gnoll

Skill      XL: |  1  2  3  4  5  6  7  8  9 |
---------------+----------------------------+-----
Axes           | 3 4 5 6 |  6.4
Dodging        | 2 3 4 5 |  5.5
Armour         | 3 5 6 7 |  7.3
Fighting       | 4 5 6 7 |  7.7

Action                   |  1- 3 |  4- 6 |  7- 9 || total
-------------------------+-------+-------+-------++-------
Melee: Hand axe          |   107 |   241 |   465 ||   813
Invok: Berserk           |       |     3 |     4 ||     7
       Trog's Hand       |       |     1 |     1 ||     2
 Stab: Sleeping          |       |     1 |       ||     1
  Eat: Chunk             |     1 |     5 |    14 ||    20
       Ration            |       |     2 |     3 ||     5
Armor: Animal skin       |    28 |   126 |   204 ||   358
Dodge: Dodged            |    63 |   155 |   377 ||   595
Block: Other             |       |       |    31 ||    31
       Reflection        |       |       |     1 ||     1
